[Event "ICC tourney 2308 (3 2)"]
[Site "Internet Chess Club"]
[Date "2021.01.15"]
[Round "8"]
[White "Goran21"]
[Black "coolsportsguy"]
[Result "1-0"]
[ICCResult "Black checkmated"]
[WhiteElo "2008"]
[BlackElo "2330"]
[Opening "French: King's Indian attack"]
[ECO "C00"]
[NIC "FR.02"]
[Time "21:51:51"]
[PlyCount "43"]
[TimeControl "180+2"]

1. e4 e6 2. d3 d5 3. Nd2 c5 4. Ngf3 Nc6 5. g3 Bd6 6. Bg2 Nge7 7. O-O O-O 8.
Nh4 f5 9. f4 dxe4 10. dxe4 Bc7 11. Kh1 e5 12. fxe5 Nxe5 13. exf5 Nxf5 14.
Nxf5 Bxf5 15. Bxb7 Rb8 16. Bg2 Ng4 17. Rxf5 Rxf5 18. Qxg4 Rf2 19. Ne4 Rxc2
20. Bg5 Qd4 21. Bf6 Be5 22. Qxg7# { Black checkmated } 1-0

[Event "ICC tourney 2308 (3 2)"]
[Site "Internet Chess Club"]
[Date "2021.01.15"]
[Round "8"]
[White "Dlugy"]
[Black "TjkTiger"]
[Result "0-1"]
[ICCResult "White resigns"]
[WhiteElo "2607"]
[BlackElo "2597"]
[Opening "Queen's pawn: London system"]
[ECO "A45"]
[NIC "QP.07"]
[Time "21:52:09"]
[PlyCount "64"]
[TimeControl "180+2"]

1. d4 Nf6 2. Bf4 c5 3. d5 d6 4. Nc3 e5 5. Bd2 e4 6. h3 h5 7. Bf4 a6 8. a4
Nbd7 9. e3 Qe7 10. Nge2 g6 11. Nc1 Ne5 12. Nb3 h4 13. Nd2 Bf5 14. a5 Nh5
15. Bh2 Nf6 16. Ra4 Bd7 17. Ra3 Bf5 18. Rb3 Bg7 19. Bxe5 Qxe5 20. Nc4 Qe7
21. Rxb7 Qd8 22. Rb6 O-O 23. Nxd6 Nd7 24. Nxf5 gxf5 25. Na4 Nxb6 26. axb6
Rb8 27. b3 Rxb6 28. Nxb6 Bc3+ 29. Ke2 Qxb6 30. f4 Qg6 31. Qc1 Rd8 32. g4
hxg3 { White resigns } 0-1

[Event "ICC tourney 2308 (3 2)"]
[Site "Internet Chess Club"]
[Date "2021.01.15"]
[Round "8"]
[White "vikram251107"]
[Black "PearsonH"]
[Result "1-0"]
[ICCResult "Black resigns"]
[WhiteElo "2002"]
[BlackElo "1752"]
[Opening "French: exchange variation"]
[ECO "C01"]
[NIC "FR.01"]
[Time "21:52:00"]
[PlyCount "87"]
[TimeControl "180+2"]

1. e4 e6 2. d4 d5 3. exd5 exd5 4. Bd3 Bd6 5. Nf3 Nf6 6. c3 c6 7. O-O O-O 8.
Bg5 Bg4 9. Nbd2 Nbd7 10. h3 Bh5 11. Qc2 Qc7 12. c4 Rfe8 13. cxd5 cxd5 14.
Qxc7 Bxc7 15. Rac1 Bd6 16. g4 Bg6 17. Bxg6 hxg6 18. Rfe1 Kf8 19. Bxf6 Nxf6
20. Ne5 Bxe5 21. dxe5 Nd7 22. f4 Re6 23. Rc7 Ke7 24. Rxb7 Ra6 25. a3 Rc8
26. Nf3 Rc2 27. Nd4 Rd2 28. Nb3 Rxb2 29. Rxd7+ Ke8 30. Nc5 Rc6 31. Rxd5 Rb5
32. Rc1 Ke7 33. a4 Ra5 34. Kf2 Rxa4 35. Nxa4 Rxc1 36. Ra5 Rc2+ 37. Ke3 Rh2
38. Rxa7+ Kf8 39. Ke4 Rxh3 40. Kd5 Rh4 41. Kd6 f6 42. e6 Rxg4 43. e7+ Kf7
44. Ra8 { Black resigns } 1-0

[Event "ICC tourney 2308 (3 2)"]
[Site "Internet Chess Club"]
[Date "2021.01.15"]
[Round "8"]
[White "saif-shawkat"]
[Black "RatislavK"]
[Result "1-0"]
[ICCResult "Black checkmated"]
[WhiteElo "2059"]
[BlackElo "1533"]
[Opening "Sicilian: Nimzovich-Rossolimo attack (with ...g6, without ...d6)"]
[ECO "B31"]
[NIC "SI.31"]
[Time "21:51:54"]
[PlyCount "57"]
[TimeControl "180+2"]

1. e4 c5 2. Nf3 Nc6 3. Bb5 g6 4. Bxc6 dxc6 5. d3 Bg7 6. h3 e5 7. Be3 b6 8.
a4 a5 9. Nbd2 Ne7 10. Nc4 O-O 11. O-O Qc7 12. b4 axb4 13. a5 bxa5 14. Bxc5
Kh8 15. Bxb4 Be6 16. Bxa5 Qd7 17. Nb6 Qb7 18. Nxa8 Rxa8 19. Bc3 Rf8 20.
Bxe5 Bxe5 21. Nxe5 f5 22. exf5 Nxf5 23. Qb1 Qc7 24. Qb2 Kg8 25. Qc3 Bd5 26.
Ng4 Qd6 27. Ra7 h5 28. Nh6+ Nxh6 29. Qg7# { Black checkmated } 1-0

[Event "ICC tourney 2308 (3 2)"]
[Site "Internet Chess Club"]
[Date "2021.01.15"]
[Round "8"]
[White "mchessmaster"]
[Black "blackjack721"]
[Result "1-0"]
[ICCResult "Black checkmated"]
[WhiteElo "1955"]
[BlackElo "1454"]
[Opening "Ruy Lopez: four knights (Tarrasch) variation"]
[ECO "C48"]
[NIC "KP.03"]
[Time "21:51:47"]
[PlyCount "45"]
[TimeControl "180+2"]

1. e4 e5 2. Nf3 Nc6 3. Nc3 Nf6 4. Bb5 a6 5. Ba4 Bc5 6. O-O Ng4 7. h3 Nxf2
8. Rxf2 Qf6 9. Nd5 Qd6 10. Bxc6 dxc6 11. d4 exd4 12. Bf4 Qg6 13. Nxc7+ Ke7
14. Kh2 f6 15. Re2 Bxh3 16. gxh3 Raf8 17. Nxd4 Qh5 18. Nf5+ Kf7 19. Qd7+
Kg6 20. Rg2+ Qg5 21. Qxg7+ Kh5 22. Rxg5+ fxg5 23. Qh6# { Black checkmated }
1-0

[Event "ICC tourney 2308 (3 2)"]
[Site "Internet Chess Club"]
[Date "2021.01.15"]
[Round "8"]
[White "Retrospective"]
[Black "chesssky"]
[Result "1-0"]
[ICCResult "Black resigns"]
[WhiteElo "2668"]
[BlackElo "1991"]
[Opening "Queen's bishop game"]
[ECO "D02"]
[NIC "QP.08"]
[Time "21:51:54"]
[PlyCount "49"]
[TimeControl "180+2"]

1. d4 d5 2. Nf3 Nf6 3. Bf4 c5 4. e3 Nc6 5. Nbd2 g6 6. dxc5 Bg7 7. c3 a5 8.
a4 O-O 9. Bb5 Nd7 10. Nb3 e5 11. Bg5 Nf6 12. O-O Re8 13. c4 Be6 14. cxd5
Qxd5 15. Qxd5 Bxd5 16. Nfd2 Rec8 17. Nc4 Ne4 18. Bh4 Nb4 19. f3 Nxc5 20.
Nxc5 Rxc5 21. Nb6 Ra7 22. Be7 Nc2 23. Bxc5 Nxa1 24. Rxa1 Ra8 25. Nxa8 {
Black resigns } 1-0

[Event "ICC tourney 2308 (3 2)"]
[Site "Internet Chess Club"]
[Date "2021.01.15"]
[Round "8"]
[White "HR2005"]
[Black "pracheth18"]
[Result "1-0"]
[ICCResult "Black checkmated"]
[WhiteElo "2041"]
[BlackElo "1733"]
[Opening "Sicilian: Labourdonnais-Löwenthal (Kalashnikov) variation"]
[ECO "B32"]
[NIC "SI.32"]
[Time "21:52:18"]
[PlyCount "75"]
[TimeControl "180+2"]

1. e4 c5 2. Nf3 Nc6 3. d4 cxd4 4. Nxd4 e5 5. Nb5 d6 6. N1c3 a6 7. Na3 b5 8.
Nd5 Nf6 9. Bg5 Be7 10. Bxf6 Bxf6 11. c3 Be6 12. Nc2 Bxd5 13. Qxd5 Rc8 14.
Rd1 Be7 15. Ne3 O-O 16. Be2 b4 17. O-O bxc3 18. bxc3 Qa5 19. Qxa5 Nxa5 20.
Bxa6 Rxc3 21. Nd5 Ra3 22. Nxe7+ Kh8 23. Rxd6 Rxa2 24. g3 Re8 25. Rc1 Nb3
26. Rc7 h6 27. Nf5 Nd2 28. Rxf7 Nxe4 29. Rdd7 Rxa6 30. Rxg7 Nf6 31. Rdf7
Ra1+ 32. Kg2 Ra6 33. Nxh6 e4 34. Rg6 Ree6 35. Nf5 Nh7 36. Rgg7 Nf6 37. Rf8+
Ng8 38. Rfxg8# { Black checkmated } 1-0

[Event "ICC tourney 2308 (3 2)"]
[Site "Internet Chess Club"]
[Date "2021.01.15"]
[Round "8"]
[White "DejaVu"]
[Black "haarim"]
[Result "1-0"]
[ICCResult "Black resigns"]
[WhiteElo "1850"]
[BlackElo "1491"]
[Opening "French: King's Indian attack"]
[ECO "C00"]
[NIC "FR.02"]
[Time "21:53:02"]
[PlyCount "51"]
[TimeControl "180+2"]

1. e4 e6 2. d3 d5 3. Qe2 Nf6 4. Nf3 c5 5. g3 Nc6 6. Bg2 Be7 7. O-O O-O 8.
e5 Nd7 9. c4 dxc4 10. dxc4 b6 11. Rd1 Qc7 12. Nc3 Ndxe5 13. Nxe5 Nxe5 14.
Bxa8 Ba6 15. Bg2 Bxc4 16. Qe4 f5 17. Qe1 Bf6 18. Bf4 Qe7 19. Rac1 Nd3 20.
Rxd3 Bxd3 21. Qe3 Ba6 22. Rd1 e5 23. Nd5 Qe6 24. Nxf6+ gxf6 25. Bh6 Rc8 26.
Bd5 { Black resigns } 1-0

[Event "ICC tourney 2308 (3 2)"]
[Site "Internet Chess Club"]
[Date "2021.01.15"]
[Round "8"]
[White "DrKnight01"]
[Black "acgc"]
[Result "1-0"]
[ICCResult "Black checkmated"]
[WhiteElo "1216"]
[BlackElo "946"]
[Opening "Queen's pawn game, Chigorin variation"]
[ECO "D02"]
[NIC "QP.08"]
[Time "21:52:05"]
[PlyCount "59"]
[TimeControl "180+2"]

1. d4 d5 2. Nf3 Nc6 3. Nc3 Bf5 4. a3 Nf6 5. Bg5 e6 6. e3 Be7 7. Bxf6 Bxf6
8. Bb5 O-O 9. Qe2 a6 10. Bd3 Re8 11. Bxf5 exf5 12. Rg1 Bxd4 13. Nxd4 Nxd4
14. Qd3 c5 15. O-O-O Ne6 16. Qxf5 d4 17. exd4 Nxd4 18. Qxc5 Qf6 19. Qxd4
Qh6+ 20. Kb1 Qxh2 21. Rh1 Qc7 22. Qh4 h6 23. Qg4 Rab8 24. Rxh6 b5 25. Rdh1
Kf8 26. Rh8+ Ke7 27. Re1+ Kd6 28. Rhxe8 Rb6 29. Qd4+ Kc6 30. Qd5# { Black
checkmated } 1-0

[Event "ICC tourney 2308 (3 2)"]
[Site "Internet Chess Club"]
[Date "2021.01.15"]
[Round "8"]
[White "wolverine54"]
[Black "drberkley"]
[Result "1-0"]
[ICCResult "Black resigns"]
[WhiteElo "2327"]
[BlackElo "1952"]
[Opening "Pirc: classical (two knights) system"]
[ECO "B08"]
[NIC "PU.10"]
[Time "21:52:32"]
[PlyCount "45"]
[TimeControl "180+2"]

1. e4 d6 2. d4 Nf6 3. Nc3 g6 4. Nf3 Bg7 5. h4 h5 6. Be3 Bg4 7. Qd2 a6 8.
O-O-O b5 9. e5 dxe5 10. dxe5 Qxd2+ 11. Rxd2 Nfd7 12. Nd5 Kd8 13. Ng5 Be6
14. Nf4 Bxe5 15. Nfxe6+ fxe6 16. f4 Bf6 17. Nf7+ Kc8 18. Nxh8 Bxh8 19. Bd3
Nf8 20. Be4 c6 21. Rhd1 Nfd7 22. Rxd7 Nxd7 23. Bxc6 { Black resigns } 1-0

[Event "ICC tourney 2308 (3 2)"]
[Site "Internet Chess Club"]
[Date "2021.01.15"]
[Round "8"]
[White "CaptK"]
[Black "Sparta250"]
[Result "0-1"]
[ICCResult "White resigns"]
[WhiteElo "2368"]
[BlackElo "2702"]
[Opening "Budapest: Rubinstein variation"]
[ECO "A52"]
[NIC "QG.01"]
[Time "21:51:59"]
[PlyCount "94"]
[TimeControl "180+2"]

1. d4 Nf6 2. c4 e5 3. dxe5 Ng4 4. Bf4 Nc6 5. Nf3 Bb4+ 6. Nbd2 Qe7 7. e3
Ngxe5 8. Nxe5 Nxe5 9. Be2 O-O 10. O-O d6 11. Nb3 Nd7 12. a3 Bc5 13. Nxc5
Nxc5 14. b4 Ne6 15. Bg3 Bd7 16. Bf3 Bc6 17. Bd5 a5 18. Qd3 Ng5 19. Bh4 Nh3+
20. gxh3 Qxh4 21. Bxc6 bxc6 22. Kg2 Rfe8 23. f4 Re6 24. f5 Re4 25. c5 Rae8
26. Rf3 Qg5+ 27. Kf2 axb4 28. axb4 Rxb4 29. Ra2 d5 30. f6 g6 31. Rc2 Rbe4
32. Qc3 h5 33. Rg3 Qf5+ 34. Rf3 Qe6 35. Qd3 Qe5 36. Kg2 Re6 37. Qc3 Rc4 38.
Qd3 Rxc2+ 39. Qxc2 Rxf6 40. Rxf6 Qxf6 41. Qd3 Qg5+ 42. Kh1 Kg7 43. Qd4+ Qf6
44. Qd3 Qf3+ 45. Kg1 Qxh3 46. Qd4+ Kg8 47. Qf4 Qg4+ { White resigns } 0-1

[Event "ICC tourney 2308 (3 2)"]
[Site "Internet Chess Club"]
[Date "2021.01.15"]
[Round "8"]
[White "arunjayanthi"]
[Black "aberdeenace"]
[Result "0-1"]
[ICCResult "White resigns"]
[WhiteElo "1524"]
[BlackElo "1546"]
[Opening "Robatsch (modern) defense"]
[ECO "B06"]
[NIC "KF.06"]
[Time "21:52:04"]
[PlyCount "84"]
[TimeControl "180+2"]

1. e4 g6 2. Nf3 Bg7 3. Bc4 e6 4. d3 Ne7 5. Nc3 c5 6. O-O a6 7. a3 b5 8. Bb3
Bb7 9. Be3 Qc7 10. a4 b4 11. Na2 Bxb2 12. Rb1 Bg7 13. Re1 O-O 14. d4 c4 15.
Nxb4 cxb3 16. cxb3 Bxe4 17. Rc1 Qa5 18. Bd2 Qh5 19. Rxe4 Nbc6 20. Nxc6 Nxc6
21. Rh4 Qd5 22. Be3 Rab8 23. Rb1 Na5 24. b4 Nc4 25. Qb3 Nxe3 26. Qxe3 a5
27. Qb3 Rxb4 28. Qd3 Rfb8 29. Rxb4 Rxb4 30. g3 Rb3 31. Qd1 Qxf3 32. Qxf3
Rxf3 33. Kg2 Rd3 34. Rg4 Rxd4 35. Rxd4 Bxd4 36. Kf3 Bc3 37. Ke4 d5+ 38. Kd3
d4 39. f3 e5 40. h4 f5 41. g4 Kf7 42. gxf5 gxf5 { White resigns } 0-1

[Event "ICC tourney 2308 (3 2)"]
[Site "Internet Chess Club"]
[Date "2021.01.15"]
[Round "8"]
[White "kurumania"]
[Black "YKQ"]
[Result "1/2-1/2"]
[ICCResult "Game drawn by mutual agreement"]
[WhiteElo "2514"]
[BlackElo "2550"]
[Opening "Pirc defense"]
[ECO "B07"]
[NIC "PU.08"]
[Time "21:52:04"]
[PlyCount "51"]
[TimeControl "180+2"]

1. e4 d6 2. d4 Nf6 3. Nc3 e5 4. Nf3 exd4 5. Qxd4 Nc6 6. Bb5 Bd7 7. Bxc6
Bxc6 8. O-O Be7 9. b3 Nd7 10. Bb2 Bf6 11. Qd2 O-O 12. Nd4 Re8 13. Rfe1 a5
14. Rad1 Nc5 15. f3 a4 16. b4 a3 17. Ba1 Na4 18. Nxc6 bxc6 19. Nxa4 Bxa1
20. Rxa1 Rxa4 21. Rab1 Qf6 22. Rb3 Rb8 23. c4 h6 24. h3 h5 25. Kh2 h4 26.
f4 { Game drawn by mutual agreement } 1/2-1/2

[Event "ICC tourney 2308 (3 2)"]
[Site "Internet Chess Club"]
[Date "2021.01.15"]
[Round "8"]
[White "spideydavey"]
[Black "ved2006"]
[Result "0-1"]
[ICCResult "White forfeits on time"]
[WhiteElo "1802"]
[BlackElo "1686"]
[Opening "French: Tarrasch, open variation"]
[ECO "C07"]
[NIC "FR.19"]
[Time "21:51:48"]
[PlyCount "52"]
[TimeControl "180+2"]

1. e4 e6 2. d4 d5 3. Nd2 c5 4. exd5 Qxd5 5. Ngf3 Nc6 6. Bc4 Qd8 7. O-O Nf6
8. Nb3 cxd4 9. Qe2 a6 10. a4 Be7 11. Rd1 O-O 12. Nbxd4 Nxd4 13. Rxd4 Qb6
14. c3 Bd7 15. Bg5 Bc6 16. Ne5 Nd5 17. Bxe7 Nxe7 18. Qc2 Ng6 19. Nxg6 hxg6
20. Rad1 Rad8 21. b3 Rxd4 22. Rxd4 Qc5 23. Qc1 b5 24. axb5 Bxb5 25. Bxb5
axb5 26. Qd2 Rc8 { White forfeits on time } 0-1

[Event "ICC tourney 2308 (3 2)"]
[Site "Internet Chess Club"]
[Date "2021.01.15"]
[Round "8"]
[White "muzikmixer"]
[Black "sahina"]
[Result "0-1"]
[ICCResult "White resigns"]
[WhiteElo "1633"]
[BlackElo "1550"]
[Opening "Robatsch (modern) defense"]
[ECO "A41"]
[NIC "QO.17"]
[Time "21:52:07"]
[PlyCount "64"]
[TimeControl "180+2"]

1. d4 d6 2. Nc3 g6 3. e4 Bg7 4. Be3 Nf6 5. f3 O-O 6. Qd2 Nc6 7. O-O-O e5 8.
d5 Ne7 9. g4 Ne8 10. Bh6 f5 11. Bxg7 Kxg7 12. gxf5 gxf5 13. Qg5+ Kh8 14.
exf5 Rxf5 15. Qh4 Ng7 16. Bd3 Rh5 17. Qf6 Bd7 18. Nge2 Nf5 19. Qxd8+ Rxd8
20. Ne4 Rf8 21. N2g3 Nxg3 22. hxg3 Rxf3 23. Rxh5 Nxh5 24. Ng5 Rxg3 25. Ne6
Nf4 26. Nxc7 Nxd3+ 27. Rxd3 Rxd3 28. cxd3 Kg7 29. Kd2 Kf6 30. Ke3 Kf5 31.
Nb5 Bxb5 32. d4 h5 { White resigns } 0-1

[Event "ICC tourney 2308 (3 2)"]
[Site "Internet Chess Club"]
[Date "2021.01.15"]
[Round "8"]
[White "bnielsen19"]
[Black "funpawn"]
[Result "0-1"]
[ICCResult "White resigns"]
[WhiteElo "1565"]
[BlackElo "1794"]
[Opening "Two knights defense"]
[ECO "C58"]
[NIC "KP.01"]
[Time "21:51:54"]
[PlyCount "52"]
[TimeControl "180+2"]

1. e4 e5 2. Nf3 Nc6 3. Bc4 Nf6 4. Ng5 d5 5. exd5 Na5 6. Bb5+ c6 7. dxc6
bxc6 8. Ba4 h6 9. Nf3 e4 10. Ng1 Bc5 11. d3 O-O 12. Ne2 exd3 13. Qxd3 Qb6
14. O-O Ba6 15. Qf3 Rfe8 16. Nbc3 Rad8 17. Bxh6 gxh6 18. Qxf6 Bxe2 19. Nxe2
Rxe2 20. Qxh6 Rd6 21. Qg5+ Rg6 22. Qf4 Qxb2 23. Rab1 Qd4 24. Rb8+ Kg7 25.
Qf3 Rxf2 26. Qxf2 Qd5 { White resigns } 0-1

[Event "ICC tourney 2308 (3 2)"]
[Site "Internet Chess Club"]
[Date "2021.01.15"]
[Round "8"]
[White "yogokings12"]
[Black "MrWizard"]
[Result "0-1"]
[ICCResult "White resigns"]
[WhiteElo "1683"]
[BlackElo "2019"]
[Opening "Caro-Kann: classical, Spassky variation"]
[ECO "B19"]
[NIC "CK.12"]
[Time "21:51:53"]
[PlyCount "92"]
[TimeControl "180+2"]

1. e4 c6 2. d4 d5 3. Nc3 dxe4 4. Nxe4 Bf5 5. Ng3 Bg6 6. h4 h6 7. Nf3 Nd7 8.
h5 Bh7 9. Bd3 Bxd3 10. Qxd3 e6 11. Bd2 Ngf6 12. O-O-O Qc7 13. Kb1 c5 14.
Ne4 Nxe4 15. Qxe4 Nf6 16. Qe2 Be7 17. Rdg1 cxd4 18. Nxd4 a6 19. g4 Rc8 20.
c3 Bc5 21. Be3 Nd5 22. g5 hxg5 23. Rxg5 Qb6 24. Ka1 Nxe3 25. fxe3 Bxd4 26.
exd4 g6 27. Rhg1 gxh5 28. Rxh5 Ke7 29. Qh2 Rxh5 30. Qxh5 Qb5 31. Qh4+ Kd7
32. Qf4 Qf5 33. Qxf5 exf5 34. Kb1 Ke6 35. Kc2 f4 36. Kd3 Kf5 37. Rf1 Re8
38. Rf3 Re1 39. Kc4 Re3 40. Rxe3 fxe3 41. Kd3 Kf4 42. d5 Kf3 43. d6 e2 44.
Kd2 Kf2 45. d7 e1=Q+ 46. Kc2 Qe7 { White resigns } 0-1

[Event "ICC tourney 2308 (3 2)"]
[Site "Internet Chess Club"]
[Date "2021.01.15"]
[Round "8"]
[White "jy2020"]
[Black "PappusChain923"]
[Result "1-0"]
[ICCResult "Black resigns"]
[WhiteElo "2213"]
[BlackElo "2147"]
[Opening "Caro-Kann: two knights, 3...Bg4"]
[ECO "B10"]
[NIC "CK.01"]
[Time "21:51:47"]
[PlyCount "79"]
[TimeControl "180+2"]

1. e4 c6 2. Nf3 d5 3. Nc3 Bg4 4. h3 Bh5 5. exd5 cxd5 6. g4 Bg6 7. Bb5+ Nc6
8. Ne5 Rc8 9. d4 f6 10. Nxg6 hxg6 11. Bd3 Kf7 12. Be3 e5 13. dxe5 Nxe5 14.
f4 Nc4 15. Bxc4 dxc4 16. Qxd8 Rxd8 17. Ke2 Bb4 18. Rad1 Ne7 19. Ne4 Nd5 20.
c3 Rhe8 21. Kf3 Ba5 22. Rhe1 Nxe3 23. Rxd8 Rxd8 24. Rxe3 Bb6 25. Re2 Bc7
26. Rd2 Rxd2 27. Nxd2 b5 28. Ke4 Ke6 29. f5+ gxf5+ 30. gxf5+ Kd6 31. Nf3
Bb6 32. h4 a6 33. h5 Bf2 34. Nh2 a5 35. Ng4 b4 36. Nxf2 a4 37. cxb4 a3 38.
bxa3 c3 39. Nd3 c2 40. Nc1 { Black resigns } 1-0

[Event "ICC tourney 2308 (3 2)"]
[Site "Internet Chess Club"]
[Date "2021.01.15"]
[Round "8"]
[White "BrodskyUTD"]
[Black "Openyagami"]
[Result "0-1"]
[ICCResult "White resigns"]
[WhiteElo "2564"]
[BlackElo "2606"]
[Opening "Sicilian: Labourdonnais-Löwenthal (Kalashnikov) variation"]
[ECO "B32"]
[NIC "SI.32"]
[Time "21:52:09"]
[PlyCount "68"]
[TimeControl "180+2"]

1. e4 c5 2. Nf3 Nc6 3. d4 cxd4 4. Nxd4 e5 5. Nb5 d6 6. c4 g6 7. N1c3 a6 8.
Na3 Be6 9. Be3 Bh6 10. Bxh6 Nxh6 11. Qd2 Ng4 12. f3 Nf6 13. Nc2 Qb6 14.
O-O-O O-O 15. Nd5 Bxd5 16. cxd5 Na7 17. Kb1 Nb5 18. Bxb5 axb5 19. h4 h5 20.
a3 Rfc8 21. g4 Rc4 22. g5 Nd7 23. Rc1 Nc5 24. Qe3 Qa6 25. Nb4 Rxb4 26. axb4
Qa2+ 27. Kc2 Qa4+ 28. Kc3 Nb3 29. Rc2 Nd4 30. Rcc1 Qb3+ 31. Kd2 Qxb2+ 32.
Kd1 Ra2 33. Re1 Qxb4 34. Qc3 Qa4+ { White resigns } 0-1

[Event "ICC tourney 2308 (3 2)"]
[Site "Internet Chess Club"]
[Date "2021.01.15"]
[Round "8"]
[White "ASharikov"]
[Black "mhebden"]
[Result "0-1"]
[ICCResult "White resigns"]
[WhiteElo "2281"]
[BlackElo "2503"]
[Opening "King's Indian: London system"]
[ECO "A48"]
[NIC "QP.03"]
[Time "21:52:01"]
[PlyCount "100"]
[TimeControl "180+2"]

1. d4 Nf6 2. Nf3 g6 3. Bf4 Bg7 4. e3 O-O 5. Be2 c5 6. c3 d6 7. h3 Be6 8.
O-O Qb6 9. Qc1 Nc6 10. Nbd2 Rac8 11. dxc5 Qxc5 12. Nb3 Qb6 13. Nbd4 Bd7 14.
Bg5 Rfe8 15. Rd1 a6 16. Bxf6 Bxf6 17. Qd2 d5 18. Nb3 e6 19. c4 Ne7 20. cxd5
exd5 21. Rac1 Ba4 22. Nfd4 Bxd4 23. Qxd4 Qxd4 24. Rxd4 Bxb3 25. Rxc8 Rxc8
26. axb3 Rc2 27. Bf3 Rxb2 28. Rd3 Kg7 29. e4 dxe4 30. Bxe4 Nc6 31. Bxc6
bxc6 32. Rc3 a5 33. g3 Kf8 34. h4 Ke7 35. Rxc6 Rxb3 36. Ra6 Ra3 37. Kg2 h5
38. Ra7+ Kf6 39. Ra6+ Kg7 40. Ra7 a4 41. Ra6 Ra1 42. Ra7 a3 43. Ra6 Kf8 44.
Ra7 Ke8 45. Kf3 f6 46. Kf4 Kd8 47. Kf3 g5 48. g4 hxg4+ 49. Kxg4 gxh4 50.
Kxh4 a2 { White resigns } 0-1

[Event "ICC tourney 2308 (3 2)"]
[Site "Internet Chess Club"]
[Date "2021.01.15"]
[Round "8"]
[White "WaSabi5829"]
[Black "ZYCON"]
[Result "0-1"]
[ICCResult "White checkmated"]
[WhiteElo "1386"]
[BlackElo "1385"]
[Opening "English opening"]
[ECO "A22"]
[NIC "EO.10"]
[Time "21:51:52"]
[PlyCount "112"]
[TimeControl "180+2"]

1. c4 Nf6 2. Nc3 e5 3. e4 Bc5 4. d3 Nc6 5. g3 O-O 6. Bg2 d6 7. Nge2 Be6 8.
O-O Nd4 9. Nxd4 Bxd4 10. Ne2 Bc5 11. a3 c6 12. b4 Bb6 13. Kh1 a5 14. Bd2
axb4 15. axb4 Rxa1 16. Qxa1 Qd7 17. Qb2 Ra8 18. Ra1 Rxa1+ 19. Qxa1 Bxf2 20.
d4 exd4 21. Nxd4 Bxc4 22. Qa8+ Qe8 23. Qxe8+ Nxe8 24. Nf5 Kf8 25. Bc3 f6
26. h4 d5 27. exd5 Bxd5 28. Bxd5 cxd5 29. Kg2 Ba7 30. h5 g6 31. hxg6 hxg6
32. Nh4 Kf7 33. Nf3 Nd6 34. Nd2 Ne4 35. Nxe4 dxe4 36. Kf1 Ke6 37. Ke2 f5
38. Bg7 Kd5 39. Bf8 Ke6 40. Bg7 g5 41. Bh6 Kf6 42. Bf8 f4 43. gxf4 gxf4 44.
Bh6 Kf5 45. b5 Kg4 46. Kf1 Kf3 47. b6 Bxb6 48. Bf8 e3 49. Bc5 Bxc5 50. Ke1
b5 51. Kf1 e2+ 52. Ke1 Bf2+ 53. Kd2 e1=Q+ 54. Kc2 Bd4 55. Kb3 Qc3+ 56. Ka2
Qb2# { White checkmated } 0-1

[Event "ICC tourney 2308 (3 2)"]
[Site "Internet Chess Club"]
[Date "2021.01.15"]
[Round "8"]
[White "SuperBlueSky"]
[Black "dsmartins"]
[Result "1-0"]
[ICCResult "Black checkmated"]
[WhiteElo "1562"]
[BlackElo "1777"]
[Opening "QGD: Semi-Tarrasch, 5.cd"]
[ECO "D41"]
[NIC "TD.12"]
[Time "21:51:50"]
[PlyCount "137"]
[TimeControl "180+2"]

1. d4 d5 2. c4 e6 3. Nc3 Nf6 4. Nf3 c5 5. cxd5 exd5 6. dxc5 Bxc5 7. e3 O-O
8. Bd2 Nc6 9. Be2 Bg4 10. O-O Re8 11. h3 Bh5 12. Rc1 Rc8 13. Nb5 Bb6 14.
Bc3 Qe7 15. Nbd4 Nxd4 16. Bxd4 Bxd4 17. Nxd4 Bxe2 18. Qxe2 Qe4 19. Qb5 b6
20. Qa6 Rxc1 21. Rxc1 Qe7 22. Rc8 Rxc8 23. Qxc8+ Qf8 24. Qxf8+ Kxf8 25. Nc6
a6 26. Nb4 a5 27. Nd3 Ke7 28. Kf1 Kd6 29. Ke2 Ne4 30. f3 Nc5 31. Kd2 g6 32.
Nf4 Ne6 33. Ne2 Kc5 34. Kc3 b5 35. a3 b4+ 36. axb4+ axb4+ 37. Kd3 Nd8 38.
Nd4 Nc6 39. Nxc6 Kxc6 40. Kd4 Kd6 41. h4 f5 42. g4 h5 43. g5 Ke6 44. f4 Kd6
45. b3 Ke6 46. Kc5 Ke7 47. Kxd5 Kd7 48. Kc5 Kc7 49. Kxb4 Kd6 50. Kc4 Kc6
51. Kd4 Kd6 52. b4 Kc6 53. Ke5 Kb5 54. Kf6 Kxb4 55. Kxg6 Kc4 56. Kxf5 Kd3
57. e4 Ke3 58. e5 Kf3 59. g6 Kg3 60. Kg5 Kh3 61. g7 Kg3 62. g8=Q Kh3 63.
Kxh5 Kh2 64. e6 Kh3 65. e7 Kh2 66. e8=Q Kh3 67. Qe3+ Kh2 68. Qf2+ Kh1 69.
Qfg1# { Black checkmated } 1-0

[Event "ICC tourney 2308 (3 2)"]
[Site "Internet Chess Club"]
[Date "2021.01.15"]
[Round "8"]
[White "chessrex"]
[Black "Volkov"]
[Result "0-1"]
[ICCResult "White checkmated"]
[WhiteElo "1949"]
[BlackElo "2607"]
[Opening "Blackmar gambit"]
[ECO "D00"]
[NIC "QP.08"]
[Time "21:52:03"]
[PlyCount "80"]
[TimeControl "180+2"]

1. d4 d5 2. e4 dxe4 3. Nc3 Nf6 4. f3 c6 5. Nxe4 Nxe4 6. fxe4 e5 7. Nf3 exd4
8. Bc4 Bb4+ 9. c3 dxc3 10. Bxf7+ Kxf7 11. Ng5+ Ke8 12. Qxd8+ Kxd8 13. O-O
Ke8 14. bxc3 Bxc3 15. Rb1 Bd4+ 16. Kh1 Bf6 17. Nf3 Nd7 18. Ba3 Ne5 19. Nd4
Nc4 20. Bc1 Bxd4 21. Rb4 b5 22. a4 a6 23. Rd1 Bc5 24. Rb1 Be6 25. Bf4 Rf8
26. Bg3 Rf7 27. Rbc1 Rd8 28. Re1 h6 29. h3 g5 30. axb5 axb5 31. Ra1 Ra7 32.
Rac1 Ra2 33. Rf1 Rdd2 34. Rf6 Ke7 35. Rxh6 Rxg2 36. Rh7+ Ke8 37. Bc7 Bd6
38. Bxd6 Nxd6 39. Rd1 Nxe4 40. Rf1 Ng3# { White checkmated } 0-1

[Event "ICC tourney 2308 (3 2)"]
[Site "Internet Chess Club"]
[Date "2021.01.15"]
[Round "8"]
[White "Gnanathan"]
[Black "Kinawa"]
[Result "1-0"]
[ICCResult "Black checkmated"]
[WhiteElo "1101"]
[BlackElo "1535"]
[Opening "Caro-Kann: anti-anti-Caro-Kann defense"]
[ECO "B10"]
[NIC "CK.01"]
[Time "21:52:42"]
[PlyCount "47"]
[TimeControl "180+2"]

1. e4 c6 2. c4 d5 3. cxd5 cxd5 4. exd5 Nf6 5. d4 Nxd5 6. Nc3 Nc6 7. Bc4 e6
8. Bxd5 exd5 9. Bf4 Bd6 10. Bxd6 Qxd6 11. Qe2+ Be6 12. Nf3 O-O 13. O-O Rae8
14. Qd3 Qf4 15. Rfe1 Nb4 16. Qd1 Bf5 17. Re5 Rxe5 18. dxe5 Nc2 19. Nxd5 Qe4
20. Rc1 Kh8 21. Ne7 Nb4 22. Nxf5 Qxf5 23. Qd6 Nc6 24. Qxf8# { Black
checkmated } 1-0

[Event "ICC tourney 2308 (3 2)"]
[Site "Internet Chess Club"]
[Date "2021.01.15"]
[Round "8"]
[White "ChiefDas"]
[Black "clair"]
[Result "1-0"]
[ICCResult "Black checkmated"]
[WhiteElo "1857"]
[BlackElo "1681"]
[Opening "Robatsch (modern) defense"]
[ECO "B06"]
[NIC "KF.05"]
[Time "21:52:12"]
[PlyCount "91"]
[TimeControl "180+2"]

1. e4 g6 2. d4 Bg7 3. Nf3 e6 4. Nc3 Ne7 5. Be3 d6 6. Qd2 h6 7. Be2 a6 8.
O-O-O b5 9. g4 Bb7 10. a3 Nd7 11. h4 Nf6 12. g5 Nxe4 13. Nxe4 Bxe4 14. gxh6
Bf6 15. Rh3 Nd5 16. Ng5 Nxe3 17. Qxe3 Bf5 18. Rh2 Qd7 19. Bf3 d5 20. h7
O-O-O 21. Qd2 Bg7 22. Qa5 Kb7 23. a4 f6 24. Nh3 Rxh7 25. Nf4 Qc6 26. Qd2
Bh6 27. c3 b4 28. Re1 bxc3 29. bxc3 Bxf4 30. Qxf4 Qxc3+ 31. Kd1 Qb3+ 32.
Ke2 Qc2+ 33. Kf1 Qd3+ 34. Kg2 c5 35. dxc5 Rc8 36. Qb4+ Ka7 37. Qb6+ Ka8 38.
Rhh1 Be4 39. Bxe4 Qxe4+ 40. Rxe4 dxe4 41. Qxa6+ Kb8 42. Rb1+ Kc7 43. Rb7+
Kd8 44. Qd6+ Ke8 45. Qxe6+ Kf8 46. Qxc8# { Black checkmated } 1-0